 Dungeon Crawl Stone Soup version 0.25.1-8-g42b30a86e7 (webtiles) character file.

Game seed: 16289690635982852132

5752 funkygono the Basher (level 10, -1/91 HPs)
             Began as a Gargoyle Fighter on Dec 20, 2020.
             Was a Follower of Okawaru.
             Slain by a wolf (5 damage)
             ... on level 1 of the Lair of Beasts.
             The game lasted 00:24:17 (9271 turns).

funkygono the Basher (Gargoyle Fighter)             Turns: 9271, Time: 00:24:17

Health: -1/91      AC: 25    Str: 24    XL:     10   Next: 77%
Magic:  10/10      EV:  2    Int:  8    God:    Okawaru [*.....]
Gold:   650        SH: 12    Dex:  9    Spells: 9/9 levels left

rFire    . . .     SeeInvis .   p - +5 mace
rCold    . . .     Gourm    .   c - +1 kite shield
rNeg     + + +     Faith    .   (armour currently unavailable)
rPois    ∞         Spirit   .   (helmet currently unavailable)
rElec    .         Reflect  .   (cloak currently unavailable)
rCorr    .         Harm     .   (gloves currently unavailable)
MR       .....     NoTele   +   (boots currently unavailable)
Stlth    +.........             (no amulet)
HPRegen  0.25/turn              H - +4 ring of evasion
MPRegen  0.12/turn              C - ring of positive energy

@: tree-form
A: negative energy resistance 1, petrification resistance, rot immunity, AC +7
a: Heroism, Renounce Religion


You were on level 1 of the Lair of Beasts.
You worshipped Okawaru.
Okawaru was aware of your devotion.
You were not hungry.
You were a tree.
You visited 3 branches of the dungeon, and saw 11 of its levels.

You collected 650 gold pieces.

Inventory:

Hand Weapons
 p - a +5 mace (weapon)
 A - a +0 whip
Missiles
 i - 422 stones (quivered)
 x - 36 poisoned darts
 G - 5 atropa-tipped darts
 I - 4 boomerangs
 J - 8 javelins
Armour
 b - a +0 pair of boots (melded)
 c - a +1 kite shield (worn)
 j - a +2 cloak (melded)
 k - a +1 pair of gloves (melded)
 m - a +0 chain mail (melded)
 E - a +1 helmet (melded)
Jewellery
 C - a ring of positive energy (right branch)
 H - a +4 ring of evasion (left branch)
Wands
 M - a wand of clouds (7)
Scrolls
 e - 4 scrolls of teleportation
 h - a scroll of immolation {unknown}
 o - 5 scrolls of remove curse
 K - a scroll of fog
 L - a scroll of magic mapping
Potions
 a - a potion of haste {unknown}
 d - a potion of brilliance
 l - 3 potions of mutation
 q - a potion of cancellation
 v - 3 potions of flight
 z - 4 potions of heal wounds
 N - a potion of curing
Comestibles
 f - 20 rations
 r - 4 chunks of flesh


   Skills:
 + Level 6.6 Fighting
 + Level 9.6 Maces & Flails
 + Level 6.4 Throwing
 + Level 6.9 Armour
 + Level 1.9 Dodging
 + Level 8.1 Shields


You had 9 spell levels left.
You didn't know any spells.
Your spell library contained the following spells:

 Spells                   Type           Power        Failure   Level  Hunger
 Apportation              Tloc           #.....       71%         1    ##.....
 Infusion                 Chrm           #...         71%         1    ##.....
 Summon Butterflies       Summ           #.......     71%         1    ##.....
 Shroud of Golubria       Chrm/Tloc      #.....       85%         2    ###....
 Song of Slaying          Chrm           #.......     85%         2    ###....
 Confusing Touch          Hex            #.......     97%         3    ####...
 Gell's Gravitas          Tloc           #.........   97%         3    ####...
 Lesser Beckoning         Tloc           #.........   97%         3    ####...
 Ozocubu's Armour         Chrm/Ice       #.......     97%         3    ####...
 Spectral Weapon          Hex/Chrm       #.......     97%         3    ####...
 Tukima's Dance           Hex            #.......     97%         3    ####...
 Petrify                  Tmut/Erth      #.......     100%        4    #####..
 Alistair's Intoxication  Tmut/Pois      #.......     100%        5    ######.
 Metabolic Englaciation   Hex/Ice        #.........   100%        5    ######.
 Yara's Violent Unravell  Hex/Tmut       #.........   100%        5    ######.
 Invisibility             Hex            #.......     100%        6    #######


Dungeon Overview and Level Annotations

Branches:
Dungeon (9/15)             Temple (1/1) D:5            Lair (1/6) D:9
    Orc (0/2) D:9

Altars:
Ashenzari
Cheibriados
Dithmenos
Elyvilon
Fedhas
Gozag
Hepliaklqana
Kikubaaqudgha
Makhleb
Nemelex Xobeh
Okawaru
Qazlal
Ru
Sif Muna
Trog
Uskayaw
Vehumet
Wu Jian
Xom
Yredelemnul
Zin
The Shining One

Shops:
D:4 *   D:7 =


Innate Abilities, Weirdness & Mutations

You are resistant to torment.
((Your stone body is resilient. (AC +7)))
You are immune to poison.
You resist negative energy. (rN+)
((You are resistant to electric shocks. (rElec)))
((You can survive without breathing.))
You are immune to petrification.
You are immune to rotting.


Message History

The yak gores you but does no damage.
You thump the wolf!
You kill the wolf!
Okawaru accepts your kill. The wolf bites you but does no damage.
You block the wolf's attack. x2
The wolf bites you but does no damage. The yak gores you but does no damage.
You cannot move.
You barely miss the wolf. The wolf bites you.
* * * LOW HITPOINT WARNING * * *
The wolf bites you but does no damage. You block the wolf's attack.
You block the yak's attack.
You hit the wolf.
The wolf is lightly wounded.
The wolf bites you but does no damage. You block the wolf's attack.
The wolf bites you but does no damage. The yak gores you.
* * * LOW HITPOINT WARNING * * *
You hit the wolf.
The wolf is lightly wounded.
The wolf bites you but does no damage. The wolf bites you.
You die...

##...................##
##................###
##...............##
##...........#...#
##.........#...##
#P.........#...#
#..............#
#.#..Y#h.##.....##
#..Yh♣†###....##
#...h#### ###...##
#....# ##....# #....Y.#
#....## ##..##.#
##....## #(.. ###
#..#...## #((.
#..#.....# ...
#####....## ##....##


You could see 2 yaks and 3 wolves.

Vanquished Creatures
  A two-headed ogre (D:8)
  A black mamba (Lair:1)
  A komodo dragon (Lair:1)
  A troll (D:9)
  Sigmund (D:3)
  2 yaks (Lair:1)
  A water moccasin (Lair:1)
  2 orc warriors
  A black bear (D:3)
  2 ice beasts
  A centaur (D:7)
  3 ogres
  2 wolves (Lair:1)
  8 big kobolds
  2 crocodiles
  4 bullfrogs
  A wyvern skeleton (D:6)
  A water moccasin skeleton (D:9)
  A scorpion (D:6)
  3 killer bees (D:9)
  5 wights (D:9)
  2 electric eels (D:6)
  2 centaur zombies (D:5)
  6 orc wizards
  4 hounds
  A bullfrog skeleton (D:8)
  7 orc priests
  3 jellies
  8 worker ants
  3 iguanas
  A killer bee zombie (D:7)
  A hound skeleton (D:7)
  9 gnolls
  9 adders
  4 shadow imps
  2 oozes
  An adder zombie (D:7)
  An adder skeleton (D:5)
  5 dart slugs
  4 leopard geckos
  32 orcs
  2 ball pythons
  6 bats
  2 giant cockroaches
  7 goblins
  15 hobgoblins
  3 jackals (D:1)
  2 quokkas
  A ball python skeleton (D:6)
  2 frilled lizards
  A jackal skeleton (D:5)
  38 kobolds
  2 leopard gecko zombies
  A quokka skeleton (D:6)
  4 rats
235 creatures vanquished.

Notes
Turn   | Place    | Note
-------+----------+-------------------------------------------
     0 | D:1      | funkygono the Gargoyle Fighter began the quest for the Orb.
     0 | D:1      | Reached XP level 1. HP: 14/14 MP: 1/1
   102 | D:1      | Reached XP level 2. HP: 19/19 MP: 2/2
   478 | D:1      | Reached XP level 3. HP: 24/24 MP: 3/3
   682 | D:2      | Reached skill level 1 in Throwing
   682 | D:2      | Reached XP level 4. HP: 17/29 MP: 4/4
   903 | D:2      | Reached XP level 5. HP: 33/33 MP: 5/5
   910 | D:2      | Found a white marble altar of Elyvilon.
  1086 | D:2      | You fall into a shaft and drop 1 floor!
  1752 | D:3      | Reached skill level 3 in Maces & Flails
  1811 | D:3      | Noticed a black bear
  1820 | D:3      | Killed a black bear
  1820 | D:3      | Reached XP level 6. HP: 38/38 MP: 6/6
  1886 | D:3      | Noticed Sigmund
  1899 | D:3      | Killed Sigmund
  1899 | D:3      | Reached skill level 4 in Maces & Flails
  1902 | D:3      | Reached XP level 7. HP: 27/43 MP: 7/7
  2459 | D:4      | Found Qeguniki's Assorted Antiques.
  2620 | D:4      | Reached skill level 5 in Shields
  3032 | D:5      | Entered Level 5 of the Dungeon
  3053 | D:5      | Reached skill level 5 in Maces & Flails
  3168 | D:5      | Reached XP level 8. HP: 37/48 MP: 8/8
  3572 | D:5      | Found a staircase to the Ecumenical Temple.
  3581 | Temple   | Entered the Ecumenical Temple
  4024 | D:6      | Reached skill level 6 in Maces & Flails
  4024 | D:6      | Reached skill level 5 in Armour
  4161 | D:6      | Reached skill level 1 in Dodging
  4362 | D:6      | Reached skill level 5 in Fighting
  4640 | D:6      | Reached XP level 9. HP: 54/54 MP: 9/9
  4705 | D:6      | Reached skill level 5 in Throwing
  4975 | D:6      | Reached skill level 7 in Maces & Flails
  5441 | D:7      | Found Galogh's Jewellery Boutique.
  7024 | D:8      | Noticed a two-headed ogre
  7032 | D:8      | Killed a two-headed ogre
  7032 | D:8      | Reached skill level 8 in Maces & Flails
  7237 | D:8      | Reached XP level 10. HP: 60/60 MP: 10/10
  8120 | D:9      | Found a staircase to the Orcish Mines.
  8397 | D:9      | Found a staircase to the Lair.
  8445 | D:9      | Found a shadowy altar of Dithmenos.
  8675 | D:9      | Reached skill level 9 in Maces & Flails
  8712 | D:9      | Found a shimmering altar of Xom.
  8714 | D:9      | Found an ancient bone altar of Kikubaaqudgha.
  8719 | D:9      | Found an ornate altar of the Wu Jian Council.
  8725 | D:9      | Found a glowing silver altar of Zin.
  8729 | D:9      | Found a shimmering blue altar of Sif Muna.
  8738 | D:9      | Found an iron altar of Okawaru.
  8742 | D:9      | Became a worshipper of Warmaster Okawaru
  8747 | D:9      | Found a stormy altar of Qazlal.
  8970 | Lair:1   | Entered Level 1 of the Lair of Beasts
  8970 | Lair:1   | Noticed a black mamba
  8975 | Lair:1   | Killed a black mamba
  9233 | Lair:1   | Reached * piety under Okawaru
  9270 | Lair:1   | HP: 4/91 [yak (6)]
  9271 | Lair:1   | Slain by a wolf

Illustrated notes

Levels and vault maps discovered:
D:1:      kennysheep_arrival_forest, layout_rooms
D:2:      layout_basic, lemuel_crystal_altar
D:3:      minmay_door_path, layout_loops_ring, first_ration, st_stairs_8,
          uniq_sigmund
D:4:      layout_basic, serial_shops, shop
D:5:      layout_cave_pools, lemuel_temple_firewalk_b
D:6:      minmay_goblin_kobold_castle, layout_layer_cave
D:7:      layout_basic, serial_shops, shop
D:8:      layout_basic, minmay_quadrilaterals
D:9:      layout_loops_ring, grunt_temple_overflow_octagram,
          nicolae_dithmenos_the_darkroom, lair_entry_dummy, orc_0_dummy
Temple:   nicolae_temple_god_jail
Lair:1:   layout_hall_layers, minmay_lair_oklob_chamber

Skill      XL: |  1  2  3  4  5  6  7  8  9 10 |
---------------+-------------------------------+-----
Shields        | 4 5 6 7 8 |  8.1
Throwing       | 1 2 3 4 5 6 |  6.4
Maces & Flails | 3 4 5 6 8 9 |  9.6
Fighting       | 4 5 6 |  6.6
Armour         | 4 5 6 |  6.9
Dodging        | 1 |  1.9

Action                   |  1- 3 |  4- 6 |  7- 9 | 10-12 || total
-------------------------+-------+-------+-------+-------++-------
Melee: Flail             |   102 |    27 |       |       ||   129
       Mace              |       |    44 |   400 |   147 ||   591
Throw: Boomerang         |    23 |    32 |   108 |    16 ||   179
       Dart              |       |       |    13 |       ||    13
       Stone             |       |       |    55 |     2 ||    57
       Javelin           |       |       |     5 |    18 ||    23
  Use: Potion            |     2 |       |     1 |     1 ||     4
       Scroll            |     1 |     4 |     9 |     4 ||    18
  Eat: Chunk             |       |     3 |    15 |     3 ||    21
       Ration            |       |       |     1 |     1 ||     2
Armor: Scale mail        |    26 |       |       |       ||    26
       Chain mail        |    37 |    45 |   190 |    70 ||   342
       Skin              |       |       |       |    12 ||    12
Dodge: Dodged            |    31 |    17 |   103 |    67 ||   218
Block: Kite shield       |    57 |    39 |   216 |   104 ||   416
